 Dungeon Crawl Stone Soup version 0.23.2-1-ga50397a (webtiles) character file.

Game seed: 15758541306287318162

26 MalarOregon the Poker (level 3, -3/27 HPs)
             Began as a Merfolk Skald on May 18, 2019.
             Slain by a worm (11 damage)
             ... on level 2 of the Dungeon.
             The game lasted 00:00:55 (985 turns).

MalarOregon the Poker (Merfolk Skald)                Turns: 985, Time: 00:00:56

Health: -3/27      AC:  3    Str: 12    XL:     3   Next: 8%
Magic:  6/6        EV: 12    Int: 12    God:
Gold:   42         SH:  0    Dex: 13    Spells: 5/6 levels left

rFire    . . .     SeeInvis .   a - +0 spear
rCold    . . .     Gourm    .   (no shield)
rNeg     . . .     Faith    .   b - +0 leather armour
rPois    .         Spirit   .   (no helmet)
rElec    .         Reflect  .   (no cloak)
rCorr    .         Harm     .   (no gloves)
MR       .....                  (no boots)
Stlth    +.........             (no amulet)
HPRegen  0.09/turn              (no ring)
MPRegen  0.10/turn              (no ring)

@: no status effects
A: change form in water, swift swim, stealthy swim
a: no special abilities


You were on level 2 of the Dungeon.
You were not hungry.

You visited 1 branch of the dungeon, and saw 2 of its levels.

You collected 42 gold pieces.

Inventory:

Hand Weapons
 a - a +0 spear (weapon)
Armour
 b - a +0 leather armour (worn)
Scrolls
 c - a scroll of amnesia {unknown}
 g - a scroll of enchant armour {unknown}
 h - a scroll of remove curse {unknown}
 j - a scroll of magic mapping {unknown}
Potions
 d - a potion of agility {unknown}
 i - 2 potions of invisibility {unknown}
Comestibles
 e - a ration {!d}
 f - a chunk of flesh


   Skills:
 - Level 2.1 Fighting
 + Level 5.1 Polearms
 - Level 0.6 Armour
 - Level 2.6 Dodging
 - Level 2.0 Spellcasting
 - Level 3.2 Charms


You had 5 spell levels left.
You knew the following spells:

 Your Spells              Type           Power        Failure   Level  Hunger
a - Infusion              Chrm           #...         9%          1    ##.....

Your spell library contained the following spells:

 Spells                   Type           Power        Failure   Level  Hunger
 Song of Slaying          Chrm           #.......     14%         2    ###....
 Shroud of Golubria       Chrm/Tloc      #.........   26%         2    ###....
 Regeneration             Chrm/Necr      #.........   47%         3    ####...
 Spectral Weapon          Hex/Chrm       #.......     47%         3    ####...


Dungeon Overview and Level Annotations

Branches:
Dungeon (2/15)

Altars:


Message History

You hit the jackal but do no damage. The jackal bites you. x2
The jackal misses you.
The jackal bites you but does no damage.
You closely miss the jackal. The jackal barely misses you.
The jackal bites you. The jackal closely misses you.
You hit the jackal. The jackal bites you.
* * * LOW HITPOINT WARNING * * *
The jackal bites you but does no damage.
The jackal completely misses you. x2
The jackal closely misses you.
The jackal bites you but does no damage.
The jackal bites you but does no damage.
You completely miss the jackal. You hit the jackal. The jackal misses you.
You closely miss the jackal. The jackal barely misses you.
You hit the jackal. The jackal bites you.
* * * LOW HITPOINT WARNING * * *
You hit the jackal.
You kill the jackal!
The jackal barely misses you.
You closely miss the jackal. The jackal barely misses you.
You hit the jackal but do no damage. The goblin hits you with a +0 club.
* * * LOW HITPOINT WARNING * * *
The jackal completely misses you.
A worm comes into view.
The goblin hits you but does no damage. The jackal closely misses you.
You closely miss the jackal. The goblin barely misses you.
The jackal closely misses you.
You hit the jackal. The jackal closely misses you.
The goblin hits you with a +0 club.
* * * LOW HITPOINT WARNING * * *
You closely miss the jackal. The jackal misses you. The goblin misses you.
You hit the jackal.
You kill the jackal!
Your Polearms skill increases to level 5!
You have reached level 3!
Your experience leads to an increase in your attributes!
Increase (S)trength, (I)ntelligence, or (D)exterity?
You feel stronger.
You hit the jackal.
You kill the jackal!
The goblin misses you. The goblin closely misses you.
You see here a jackal corpse.
You barely miss the goblin. The goblin hits you but does no damage.
You closely miss the goblin. You hit the goblin.
You kill the goblin!
The worm bites you!
You die...

.............# .
......................# .
......................##.
......................#..
.............#####.#....
...................... .
#...# #............<.
....#...###...........##.
........@................
....#..w###)...$......##.
..................#......
..................##.....
####...........#####.....
#...........# .....
..#.........# ..
##.#..........
............


You could see a worm.

Vanquished Creatures
  A leopard gecko (D:1)
  7 goblins
  A hobgoblin (D:1)
  3 jackals (D:2)
  3 kobolds
  5 bats (D:1)
  3 frilled lizards (D:1)
  3 rats (D:1)
26 creatures vanquished.

Notes
Turn   | Place    | Note
-------+----------+-------------------------------------------
     0 | D:1      | MalarOregon the Merfolk Skald began the quest for the Orb.
     0 | D:1      | Reached XP level 1. HP: 16/16 MP: 3/3
   283 | D:1      | Reached skill level 4 in Polearms
   283 | D:1      | Reached XP level 2. HP: 22/22 MP: 5/5
   978 | D:2      | Reached skill level 5 in Polearms
   978 | D:2      | Reached XP level 3. HP: 7/27 MP: 6/6
   985 | D:2      | Slain by a worm

Skill      XL: |  1  2 |
---------------+-------+-----
Polearms       | 4 5 |  5.1
Fighting       | |  2.1
Armour         | |  0.6
Dodging        | |  2.6
Spellcasting   | |  2.0
Charms         | |  3.2

Action                   || total
-------------------------++-------
Melee: Spear             ||    83
Armor: Leather armour    ||    17
Dodge: Dodged            ||    59
